 Dungeon Crawl Stone Soup version 0.20.1-1-g8b1a95d (webtiles) character file.

142 letownia2 the Grave Robber (level 5, -3/42 HPs)
             Began as a Deep Dwarf Necromancer on Dec 15, 2017.
             Slain by an ogre
             ... wielding a +0 giant club
              (21 damage)
             ... on level 4 of the Dungeon.
             The game lasted 00:05:23 (2307 turns).

letownia2 the Grave Robber (Deep Dwarf Necromancer) Turns: 2307, Time: 00:05:23

Health: -3/42      AC:  4    Str: 11    XL:     5   Next: 3%
Magic:  3/8        EV: 12    Int: 17    God:
Gold:   82         SH:  0    Dex: 13    Spells: 4/8 levels left

rFire    . . .     SeeInvis .   a - +0 dagger
rCold    . . .     Gourm    .   (no shield)
rNeg     . . .     Faith    .   m - +0 leather armour
rPois    .         Spirit   .   (no helmet)
rElec    .         Reflect  .   n - +0 cloak
rCorr    .         Harm     .   (no gloves)
MR       .....                  (no boots)
Stlth    ++........             (no amulet)
Regen    0.0/turn               (no ring)
MPRegen  0.2/turn               (no ring)

@: non-regenerating
A: damage resistance, heal wounds, sense surroundings 1, no regeneration
a: Heal Wounds


You were on level 4 of the Dungeon.
You were hungry.

You visited 1 branch of the dungeon, and saw 4 of its levels.

You collected 82 gold pieces.

Inventory:

Hand Weapons
 a - a +0 dagger (weapon)
 h - a +4 hunting sling
Missiles
 i - 27 stones (quivered)
 o - 17 bolts
Armour
 m - a +0 leather armour (worn)
 n - a +0 cloak (worn)
Scrolls
 g - a scroll of teleportation {unknown}
 j - a scroll of random uselessness {unknown}
 k - 3 scrolls of remove curse {unknown}
 l - a scroll of identify {unknown}
Potions
 d - a potion of agility {unknown}
 e - 2 potions of heal wounds {unknown}
 p - a potion of might {unknown}
Books
 b - a book of Necromancy

   Spells                             Type                      Level
   a - Pain                           Necromancy                   1
   b - Animate Skeleton               Necromancy                   1
   c - Vampiric Draining              Necromancy                   3
   d - Regeneration                   Charms/Necromancy            3
   e - Animate Dead                   Necromancy                   4
   f - Control Undead                 Necromancy                   4
Comestibles
 c - 3 bread rations
 f - a meat ration


   Skills:
 - Level 2.1 Dodging
 - Level 2.4 Stealth
 - Level 2.1 Spellcasting
 + Level 6.8 Necromancy


You had 4 spell levels left.
You knew the following spells:

 Your Spells              Type           Power        Failure   Level  Hunger
a - Pain                  Necr           ###.         1%          1    #......
v - Vampiric Draining     Necr           ###.......   4%          3    ###....


Dungeon Overview and Level Annotations

Branches:
Dungeon (4/15)
 Temple: D:4-7

Altars:

Annotations:
D:4 Edmund


Innate Abilities, Weirdness & Mutations

You are resistant to damage.
You can heal yourself by infusing magical energy.
You passively map a small area around you.
You do not regenerate.


Message History

The centaur skeleton is almost destroyed.
The centaur skeleton misses you.
You hit the centaur skeleton.
The centaur skeleton is almost destroyed.
The centaur skeleton barely misses you.
You hit the centaur skeleton but do no damage.
The centaur skeleton is almost destroyed.
The centaur skeleton hits you.
You hit the centaur skeleton but do no damage.
The centaur skeleton is almost destroyed.
The centaur skeleton hits you. x2
You hit the centaur skeleton but do no damage.
The centaur skeleton is almost destroyed.
The centaur skeleton hits you but does no damage.
You hit the centaur skeleton.
You destroy the centaur skeleton!
You have reached level 5!
The ogre hits you with a giant club!!
Ouch! That really hurt!
You die...

##..# ###......#
#..# ##....## #
##.# ##...## ##
#.# #....# .##
##.# #....# ..##
#..# ##..##.#
#..######..# #..##
*.#* ##.........#
##O## **.# *
#######..)#####@.#
*.# ##........##
,.# #####
##...#...## * #
....####..#######
* .##......##
####.....# * *
##...## ,,* *
##.....# *,
##..###)#


You could see an ogre.

Vanquished Creatures
  2 hounds (D:4)
  A centaur skeleton (D:4)
  A worker ant (D:4)
  An adder (D:3)
  An ooze (D:2)
  A leopard gecko (D:1)
  2 giant cockroaches (D:2)
  4 goblins
  2 hobgoblins (D:3)
  A quokka (D:4)
  2 frilled lizards (D:1)
  2 kobolds
  A rat (D:2)
21 creatures vanquished.

Vanquished Creatures (others)
  5 plants (D:4)
5 creatures vanquished.

Grand Total: 26 creatures vanquished

Notes
Turn   | Place    | Note
-------+----------+-------------------------------------------
     0 | D:1      | letownia2 the Deep Dwarf Necromancer began the quest for the Orb.
     0 | D:1      | Reached XP level 1. HP: 15/15 MP: 3/3
   552 | D:2      | Reached XP level 2. HP: 22/22 MP: 1/5
   977 | D:3      | Reached skill level 5 in Necromancy
  1035 | D:4      | Noticed Edmund
  1281 | D:3      | Reached XP level 3. HP: 28/28 MP: 0/6
  1479 | D:3      | Learned a level 3 spell: Vampiric Draining
  1851 | D:4      | Reached skill level 6 in Necromancy
  1851 | D:4      | Reached XP level 4. HP: 14/36 MP: 0/7
  2277 | D:4      | Noticed an ogre
  2307 | D:4      | Reached XP level 5. HP: 18/42 MP: 2/8
  2307 | D:4      | Slain by an ogre

Skill      XL: |  1  2  3 |
---------------+----------+-----
Spellcasting   | 2 |  2.1
Necromancy     | 5 6 |  6.8
Dodging        | |  2.1
Stealth        | |  2.4

Action                   |  1- 3 |  4- 6 || total
-------------------------+-------+-------++-------
Melee: Dagger            |    24 |    16 ||    40
 Cast: Pain              |    55 |     4 ||    59
       Vampiric Draining |     2 |     3 ||     5
  Eat: Chunk             |     4 |     1 ||     5
Armor: Leather armour    |     9 |     3 ||    12
Dodge: Dodged            |    33 |    12 ||    45
